Sound Tigers vs Wolfpack
Created - May 31, 2023 at 20:39
Goals
|
| Sound Tigers |
1 |
2 |
1 |
4 |
| Wolfpack |
1 |
4 |
0 |
5 |
|
Shots
|
| Sound Tigers |
15 |
6 |
7 |
28 |
| Wolfpack |
13 |
18 |
5 |
36 |
|
1st period
1. Sound Tigers , Alex Tuch 55 (Ryan Hartman 45, Nick Blankenburg 22) at 2:51
2. Wolfpack , Nolan Patrick 24 (Dryden Hunt 23, Derrick Pouliot 36) at 16:14
Penalties :
Connor Chatam (Har) for High sticking (Minor) at 11:55
2nd period
3. Wolfpack , Alexander Barabanov 17 (Linus Sandin 10, Vince Dunn 14) at 7:04
4. Sound Tigers , Ryan Hartman 27 (Greg Pateryn 8) at 12:45
5. Wolfpack , Connor Chatam 28 (Samuel Blais 40, Vince Dunn 15) at 13:54
6. Wolfpack , Connor Chatam 29 (Casey Mittelstadt 36) at 14:29
7. Sound Tigers , Garret Ross 40 (Joe Labate 28, Pavel Francouz) at 16:19 (SH)
8. Wolfpack , Samuel Blais 43 (Vince Dunn 16) at 17:32
Penalties :
Owen Tippet (Har) for Slashing (Minor) at 10:05, Greg Pateryn (BRI) for Roughing (Minor) at 14:35, James Livingstone (BRI) for Hooking (Minor) at 18:06
3rd period
9. Sound Tigers , Rhett Gardner 13 (Tyrell Goulbourne 8, Miro Heiskanen 23) at 3:25
Penalties :
Seth Griffith (Har) for High sticking (Minor) at 3:47
Goalie Stats
Pavel Francouz (BRI), 31 saves from 36 shots - (0.861), L, 32-19-6, 59:59 minutes
Ivan Fedotov (Har), 24 saves from 28 shots - (0.857), W, 23-16-9, 60:00 minutes
Players Stats for Sound Tigers
Player Name G A P +/- PIM S H SB GA TA FO MP PP MP PK MP
------------------------------------------------------------------------------------
Alex Tuch 1 0 1 0 0 8 1 1 2 1 0/0 23:34 3:00 2:29
Ben Johnson 0 0 0 0 0 0 0 0 0 0 0/0 2:13 0:00 0:26
Ben Thomson 0 0 0 -1 0 2 0 1 0 0 1/1 13:07 0:00 0:26
Borna Rendulic 0 0 0 2 0 1 2 1 1 2 0/3 18:06 3:00 0:00
Gabriel Carlsson 0 0 0 -1 0 1 1 1 0 0 0/0 25:22 3:27 2:49
Garret Pilon 0 0 0 0 0 0 0 0 0 0 0/0 0:00 0:00 0:00
Garret Ross 1 0 1 -1 0 5 1 0 1 0 0/2 16:41 2:57 1:03
Greg Pateryn 0 1 1 -2 2 0 0 0 0 2 0/0 24:02 3:27 1:05
James Livingstone 0 0 0 -2 2 1 3 0 1 0 0/0 16:51 2:57 0:00
Joe Labate 0 1 1 -1 0 2 2 0 0 0 5/11 16:26 2:57 1:03
Josh Archibald 0 0 0 0 0 0 0 1 0 0 0/0 8:08 0:00 0:00
Miro Heiskanen 0 1 1 2 0 1 1 0 0 0 0/0 14:07 0:00 0:53
Nick Blankenburg 0 1 1 1 0 0 0 3 0 1 0/0 13:11 0:00 0:00
Pavel Kraskovsky 0 0 0 -1 0 1 0 0 0 0 1/10 12:55 0:00 0:00
Rhett Gardner 1 0 1 0 0 1 0 0 1 1 1/1 7:00 0:00 0:00
Ross Colton 0 0 0 -1 0 1 0 1 0 0 0/0 11:58 0:00 0:00
Ryan Hartman 1 1 2 1 0 2 0 0 0 0 16/29 22:08 3:00 2:29
Slater Koekkoek 0 0 0 -1 0 0 2 1 0 1 0/0 20:45 2:30 1:09
Taylor Aronson 0 0 0 -1 0 0 0 1 0 2 0/0 21:36 2:30 2:00
Tyrell Goulbourne 0 1 1 0 0 2 1 0 0 0 0/0 7:50 0:00 0:00
Players Stats for Wolfpack
Player Name G A P +/- PIM S H SB GA TA FO MP PP MP PK MP
------------------------------------------------------------------------------------
Alexander Barabanov 1 0 1 0 0 2 0 0 0 1 1/1 8:25 0:00 0:00
Casey Mittelstadt 0 1 1 3 0 2 5 1 0 0 3/8 17:50 1:49 1:37
Colton White 0 0 0 0 0 0 0 2 0 0 0/0 13:07 0:00 0:06
Connor Chatam 2 0 2 3 2 3 3 1 1 0 0/2 17:20 1:49 1:03
David Pope 0 0 0 -2 0 4 4 0 4 1 0/1 21:06 2:09 2:55
Derrick Pouliot 0 1 1 -1 0 4 1 2 1 1 0/0 25:50 2:23 3:09
Dryden Hunt 0 1 1 0 0 6 2 0 0 0 1/1 13:37 0:00 1:34
Jake Marchment 0 0 0 0 0 0 2 0 0 0 0/0 7:42 0:00 0:00
Joshua Jacobs 0 0 0 0 0 0 1 0 0 0 0/0 14:00 0:00 0:06
Linus Sandin 0 1 1 0 0 0 3 0 0 0 0/0 7:35 0:00 0:00
Mikhail Sergachev 0 0 0 2 0 1 1 3 0 0 0/0 20:10 1:35 2:42
Nolan Patrick 1 0 1 0 0 3 1 0 0 0 5/6 12:07 0:00 1:35
Owen Tippet 0 0 0 0 2 0 1 0 0 0 0/0 11:43 0:00 0:00
Samuel Blais 1 1 2 3 0 2 1 0 0 0 1/1 17:40 1:49 1:28
Sebastian Collberg 0 0 0 -2 0 2 1 0 0 0 1/3 18:12 2:09 0:00
Seth Griffith 0 0 0 -2 2 3 0 0 3 2 21/34 20:43 2:09 1:42
Steven Santini 0 0 0 -1 0 2 1 1 1 1 0/0 26:43 2:23 3:09
Vince Dunn 0 3 3 2 0 2 0 1 0 0 0/0 20:10 1:35 2:42
3 Stars
1 - Connor Chatam (Har)
2 - Samuel Blais (Har)
3 - Vince Dunn (Har)
Power Play
Sound Tigers - 0 on 3 Attempt(s) - 0.00%
Wolfpack - 0 on 2 Attempt(s) - 0.00%
Penalty Kill
Sound Tigers - 2 on 2 Attempt(s) - 100.00%
- Score 1 goal in Penalty Kill
Wolfpack - 3 on 3 Attempt(s) - 100.00%
- Score 0 goal in Penalty Kill
Team Stat
Sound Tigers - Hits : 14 - Faceoff Wins : 24 - Blocked Shots : 11 - Penalty Minutes : 4
Wolfpack - Hits : 27 - Faceoff Wins : 33 - Blocked Shots : 11 - Penalty Minutes : 6
Official
Referees : Jean Hebert and Chris Rooney
Linesman : Brian Mach and Julien Fournier
Game Notes
No Game Note
Finance
Level 1 -- Attendance: 1791 (89.55%) -- Ticket Income $62,685
Level 2 -- Attendance: 986 (98.60%) -- Ticket Income $14,790
Total Attendance: 2777 (92.57%)
Total Ticket Income: $77,475
Other Income: $3,874
Total Income: $81,349
Sound Tigers
5 vs 5 Forward
Center Left Wing Right Wing Time % Phy DF OF
1 Ryan Hartman Alex Tuch Borna Rendulic 40 1 2 2
2 Joe Labate Garret Ross James Livingstone 30 1 2 2
3 Pavel Kraskovsky Ben Thomson Ross Colton 20 1 2 2
4 Rhett Gardner Tyrell Goulbourne Josh Archibald 10 1 2 2
5 vs 5 Defense
Defense Defense Time % Phy DF OF
1 Greg Pateryn Gabriel Carlsson 40 1 2 2
2 Slater Koekkoek Taylor Aronson 30 1 2 2
3 Miro Heiskanen Nick Blankenburg 20 1 2 2
4 Greg Pateryn Gabriel Carlsson 10 1 2 2
PowerPlay Forward
Center Left Wing Right Wing Time % Phy DF OF
1 Ryan Hartman Alex Tuch Borna Rendulic 60 1 2 2
2 Joe Labate Garret Ross James Livingstone 40 1 2 2
PowerPlay Defense
Defense Defense Time % Phy DF OF
1 Greg Pateryn Gabriel Carlsson 60 1 2 2
2 Slater Koekkoek Taylor Aronson 40 1 2 2
Penalty Kill 4 Players Forward
Center Wing Time % Phy DF OF
1 Ryan Hartman Alex Tuch 60 1 2 2
2 Joe Labate Garret Ross 40 1 2 2
Penalty Kill 4 Players Defense
Defense Defense Time % Phy DF OF
1 Greg Pateryn Gabriel Carlsson 60 1 2 2
2 Slater Koekkoek Taylor Aronson 40 1 2 2
Penalty Kill - 3 Players Forward
Forward Time % Phy DF OF
1 Ryan Hartman 60 1 2 2
2 Joe Labate 40 1 2 2
Penalty Kill - 3 Players Defense
Defense Defense Time % Phy DF OF
1 Greg Pateryn Gabriel Carlsson 60 1 2 2
2 Slater Koekkoek Taylor Aronson 40 1 2 2
4 vs 4 Forward
Center Wing Time % Phy DF OF
1 Ryan Hartman Alex Tuch 60 1 2 2
2 Joe Labate Garret Ross 40 1 2 2
4 vs 4 Defense
Defense Defense Time % Phy DF OF
1 Greg Pateryn Gabriel Carlsson 60 1 2 2
2 Slater Koekkoek Taylor Aronson 40 1 2 2
Last Minutes Offensive
Center Left Wing Right Wing Defense Defense
Ryan Hartman Alex Tuch Borna Rendulic Greg Pateryn Gabriel Carlsson
Last Minutes Defensive
Center Left Wing Right Wing Defense Defense
Ryan Hartman Alex Tuch Borna Rendulic Greg Pateryn Gabriel Carlsson
Goaltenders
Starting : Pavel Francouz
Backup : Chris Driedger
Extra Forwards
Normal : James Livingstone, Ben Thomson, Joe Labate - PP : James Livingstone, Ben Thomson - PK : James Livingstone
Extra Defensemen
Normal : Taylor Aronson, Miro Heiskanen, Nick Blankenburg - PP : Taylor Aronson - PK : Taylor Aronson, Miro Heiskanen
Penalty Shots
Alex Tuch, Ryan Hartman, Garret Ross, Borna Rendulic, James Livingstone
Scratches
Alexander Yelesin (Healthy), Blake Speers (Healthy), Brad Ross (Healthy), Alex Steeves (Healthy), Jakub Galvas (Healthy)
Noah Cates (Healthy), Brandon Gignac (Healthy), Casey Staum (Healthy), Stuart Skinner (Healthy), Sean Maguire (Healthy)
Wolfpack
5 vs 5 Forward
Center Left Wing Right Wing Time % Phy DF OF
1 Seth Griffith David Pope Sebastian Collberg 40 1 2 2
2 Casey Mittelstadt Samuel Blais Connor Chatam 30 1 2 2
3 Nolan Patrick Dryden Hunt Owen Tippet 20 1 2 2
4 Jake Marchment Alexander Barabanov Linus Sandin 10 1 2 2
5 vs 5 Defense
Defense Defense Time % Phy DF OF
1 Derrick Pouliot Steven Santini 40 1 2 2
2 Vince Dunn Mikhail Sergachev 30 1 2 2
3 Colton White Joshua Jacobs 20 1 2 2
4 Derrick Pouliot Steven Santini 10 1 2 2
PowerPlay Forward
Center Left Wing Right Wing Time % Phy DF OF
1 Seth Griffith David Pope Sebastian Collberg 60 1 2 2
2 Casey Mittelstadt Samuel Blais Connor Chatam 40 1 2 2
PowerPlay Defense
Defense Defense Time % Phy DF OF
1 Derrick Pouliot Steven Santini 60 1 2 2
2 Vince Dunn Mikhail Sergachev 40 1 2 2
Penalty Kill 4 Players Forward
Center Wing Time % Phy DF OF
1 Seth Griffith David Pope 60 1 2 2
2 Casey Mittelstadt Samuel Blais 40 1 2 2
Penalty Kill 4 Players Defense
Defense Defense Time % Phy DF OF
1 Derrick Pouliot Steven Santini 60 1 2 2
2 Vince Dunn Mikhail Sergachev 40 1 2 2
Penalty Kill - 3 Players Forward
Forward Time % Phy DF OF
1 Seth Griffith 60 1 2 2
2 Casey Mittelstadt 40 1 2 2
Penalty Kill - 3 Players Defense
Defense Defense Time % Phy DF OF
1 Derrick Pouliot Steven Santini 60 1 2 2
2 Vince Dunn Mikhail Sergachev 40 1 2 2
4 vs 4 Forward
Center Wing Time % Phy DF OF
1 Seth Griffith David Pope 60 1 2 2
2 Casey Mittelstadt Samuel Blais 40 1 2 2
4 vs 4 Defense
Defense Defense Time % Phy DF OF
1 Derrick Pouliot Steven Santini 60 1 2 2
2 Vince Dunn Mikhail Sergachev 40 1 2 2
Last Minutes Offensive
Center Left Wing Right Wing Defense Defense
Seth Griffith David Pope Sebastian Collberg Derrick Pouliot Steven Santini
Last Minutes Defensive
Center Left Wing Right Wing Defense Defense
Seth Griffith David Pope Sebastian Collberg Derrick Pouliot Steven Santini
Goaltenders
Starting : Ivan Fedotov
Backup : Mike Condon
Extra Forwards
Normal : Connor Chatam, Dryden Hunt, Alexander Barabanov - PP : Connor Chatam, Dryden Hunt - PK : Connor Chatam
Extra Defensemen
Normal : Mikhail Sergachev, Colton White, Joshua Jacobs - PP : Mikhail Sergachev - PK : Mikhail Sergachev, Colton White
Penalty Shots
David Pope, Seth Griffith, Samuel Blais, Sebastian Collberg, Connor Chatam
Scratches
Ryan Poehling (Healthy), Mason Shaw (Healthy), Jacob Middleton (Healthy), Joel Kiviranta (Healthy), Dylan Samberg (Healthy)
Cale Fleury (Healthy), Mikhail Vorobyev (Healthy), Ryan Culkin (Left Foot Injury), Will Borgen (Healthy), Alex Barre-Boulet (Left Ankle Injury)
Andrew Peeke (Healthy), Dante Fabbro (Healthy), Jeffrey Viel (Healthy), Yegor Korshkov (Healthy), Alexander Volkov (Healthy)
Harru Sateri (Healthy), Jake Paterson (Healthy)
% Time on Ice - Sound Tigers
Lines # - Real PCT - Wanted PCT - Time Play
Normal Forward
1 - 31% - 40% - 15:18
2 - 31% - 30% - 15:12
3 - 24% - 20% - 11:32
4 - 14% - 10% - 7:00
Normal Defense
1 - 36% - 40% - 17:41
2 - 33% - 30% - 16:03
3 - 27% - 20% - 13:00
4 - 5% - 10% - 2:18
PP Forward
1 - 50% - 60% - 3:00
2 - 50% - 40% - 2:57
PP Defense
1 - 58% - 60% - 3:27
2 - 42% - 40% - 2:30
PK Forward
1 - 74% - 60% - 2:55
2 - 26% - 40% - 1:03
PK Defense
1 - 71% - 60% - 2:49
2 - 29% - 40% - 1:09
PK3 Forward
1 - 0% - 60%
2 - 0% - 40%
PK3 Defense
1 - 0% - 60%
2 - 0% - 40%
44 Forward
1 - 0% - 60%
2 - 0% - 40%
44 Defense
1 - 0% - 60%
2 - 0% - 40%
Last Minute Offensive - 1:03
Last Minute Defensive - 0:00
Total
Forward - 60:00
Defense - 60:00
|
% Time on Ice - Wolfpack
Lines # - Real PCT - Wanted PCT - Time Play
Normal Forward
1 - 32% - 40% - 15:40
2 - 34% - 30% - 16:41
3 - 19% - 20% - 9:24
4 - 15% - 10% - 7:07
Normal Defense
1 - 39% - 40% - 19:02
2 - 32% - 30% - 15:50
3 - 25% - 20% - 12:09
4 - 4% - 10% - 1:51
PP Forward
1 - 54% - 60% - 2:09
2 - 46% - 40% - 1:49
PP Defense
1 - 60% - 60% - 2:23
2 - 40% - 40% - 1:35
PK Forward
1 - 78% - 60% - 4:39
2 - 22% - 40% - 1:18
PK Defense
1 - 55% - 60% - 3:15
2 - 45% - 40% - 2:42
PK3 Forward
1 - 0% - 60%
2 - 0% - 40%
PK3 Defense
1 - 0% - 60%
2 - 0% - 40%
44 Forward
1 - 0% - 60%
2 - 0% - 40%
44 Defense
1 - 0% - 60%
2 - 0% - 40%
Last Minute Offensive - 0:00
Last Minute Defensive - 1:13
Total
Forward - 60:00
Defense - 60:00
|
Play-by-Play
1st period
0:01 of 1st period - Seth Griffith wins face-off versus Ryan Hartman in neutral zone.
1:01 of 1st period - Snap shot by Vince Dunn.
1:01 of 1st period - Shot Misses the Net.
1:11 of 1st period - Dryden Hunt is hit by Tyrell Goulbourne and loses puck.
1:57 of 1st period - Wrist shot by Joe Labate.
1:57 of 1st period - Shot Misses the Net.
1:59 of 1st period - Slapshot by Slater Koekkoek.
1:59 of 1st period - Shot Blocked by Colton White.
2:07 of 1st period - Backhand shot by Joe Labate.
2:07 of 1st period - Shot Misses the Net.
2:29 of 1st period - Snap shot by Alexander Barabanov.
2:29 of 1st period - Shot Blocked by Taylor Aronson.
2:51 of 1st period - Wrist shot by Alex Tuch.
2:51 of 1st period - Goal by Alex Tuch - Sound Tigers : 1 - Wolfpack : 0.
2:52 of 1st period - Seth Griffith wins face-off versus Joe Labate in neutral zone.
2:55 of 1st period - Snap shot by Sebastian Collberg.
2:55 of 1st period - Stopped by Pavel Francouz with a rebound.
2:57 of 1st period - Slapshot by Derrick Pouliot.
2:57 of 1st period - Shot Blocked by Nick Blankenburg.
3:03 of 1st period - Wrist shot by Seth Griffith.
3:03 of 1st period - Shot Misses the Net.
3:07 of 1st period - Slapshot by David Pope.
3:07 of 1st period - Stopped by Pavel Francouz without a rebound.
3:08 of 1st period - Casey Mittelstadt wins face-off versus Ryan Hartman in Sound Tigers zone.
3:40 of 1st period - Slapshot by Garret Ross.
3:40 of 1st period - Stopped by Ivan Fedotov with a rebound.
4:17 of 1st period - Gabriel Carlsson is hit by Linus Sandin and loses puck.
4:42 of 1st period - Icing by Alex Tuch.
4:43 of 1st period - Casey Mittelstadt wins face-off versus Ryan Hartman in Sound Tigers zone.
4:52 of 1st period - Slapshot by Connor Chatam.
4:52 of 1st period - Shot Blocked by Alex Tuch.
4:54 of 1st period - Wrist shot by Connor Chatam.
4:54 of 1st period - Deflect By Casey Mittelstadt.
4:54 of 1st period - Shot Blocked by Borna Rendulic.
4:54 of 1st period - Puck is out of play.
4:55 of 1st period - Ryan Hartman wins face-off versus Seth Griffith in Sound Tigers zone.
4:55 of 1st period - Ryan Hartman is hit by David Pope.
5:05 of 1st period - Greg Pateryn is hit by Steven Santini and loses puck.
5:26 of 1st period - Wrist shot by Ben Thomson.
5:26 of 1st period - Stopped by Ivan Fedotov without a rebound.
5:27 of 1st period - Pavel Kraskovsky wins face-off versus Casey Mittelstadt in Wolfpack zone.
5:28 of 1st period - Wrist shot by Ben Thomson.
5:28 of 1st period - Shot Blocked by Connor Chatam.
6:13 of 1st period - Slapshot by Vince Dunn.
6:13 of 1st period - Stopped by Pavel Francouz with a rebound.
6:54 of 1st period - Off-side.
6:55 of 1st period - Seth Griffith wins face-off versus Ryan Hartman in neutral zone.
7:00 of 1st period - Snap shot by Alex Tuch.
7:00 of 1st period - Stopped by Ivan Fedotov without a rebound.
7:01 of 1st period - Ryan Hartman wins face-off versus Seth Griffith in Wolfpack zone.
7:02 of 1st period - Snap shot by Alex Tuch.
7:02 of 1st period - Stopped by Ivan Fedotov with a rebound.
7:04 of 1st period - Slapshot by Greg Pateryn.
7:04 of 1st period - Shot Blocked by Derrick Pouliot.
7:06 of 1st period - Snap shot by Ryan Hartman.
7:06 of 1st period - Stopped by Ivan Fedotov with a rebound.
7:08 of 1st period - Wrist shot by Borna Rendulic.
7:08 of 1st period - Deflect By Ryan Hartman.
7:08 of 1st period - Shot Misses the Net.
7:08 of 1st period - Puck is out of play.
7:09 of 1st period - Seth Griffith wins face-off versus Joe Labate in Wolfpack zone.
7:20 of 1st period - Snap shot by Joe Labate.
7:20 of 1st period - Shot Blocked by Steven Santini.
7:39 of 1st period - Snap shot by Dryden Hunt.
7:39 of 1st period - Stopped by Pavel Francouz with a rebound.
8:35 of 1st period - Miro Heiskanen is hit by David Pope and loses puck.
8:42 of 1st period - Slapshot by David Pope.
8:42 of 1st period - Stopped by Pavel Francouz with a rebound.
9:35 of 1st period - Linus Sandin is hit by Garret Ross and loses puck.
9:54 of 1st period - Wrist shot by Borna Rendulic.
9:54 of 1st period - Deflect By Alex Tuch.
9:54 of 1st period - Stopped by Ivan Fedotov without a rebound.
9:55 of 1st period - Seth Griffith wins face-off versus Borna Rendulic in Wolfpack zone.
10:02 of 1st period - Snap shot by David Pope.
10:02 of 1st period - Shot Misses the Net.
10:22 of 1st period - Greg Pateryn is hit by Owen Tippet and loses puck.
10:45 of 1st period - Colton White is hit by Slater Koekkoek and loses puck.
10:54 of 1st period - Backhand shot by Rhett Gardner.
10:54 of 1st period - Shot Blocked by Casey Mittelstadt.
10:56 of 1st period - Wrist shot by Tyrell Goulbourne.
10:56 of 1st period - Stopped by Ivan Fedotov without a rebound.
10:57 of 1st period - Seth Griffith wins face-off versus Ryan Hartman in Wolfpack zone.
11:38 of 1st period - Icing by James Livingstone.
11:39 of 1st period - Rhett Gardner wins face-off versus Connor Chatam in Sound Tigers zone.
11:50 of 1st period - Snap shot by Rhett Gardner.
11:50 of 1st period - Deflect By Tyrell Goulbourne.
11:50 of 1st period - Stopped by Ivan Fedotov with a rebound.
11:55 of 1st period - Minor Penalty to Connor Chatam for High sticking.
11:56 of 1st period - Seth Griffith wins face-off versus Ryan Hartman in Wolfpack zone.
12:30 of 1st period - Snap shot by Garret Ross.
12:30 of 1st period - Stopped by Ivan Fedotov with a rebound.
12:32 of 1st period - Slapshot by James Livingstone.
12:32 of 1st period - Shot Misses the Net.
13:34 of 1st period - Ryan Hartman is hit by Derrick Pouliot and loses puck.
13:47 of 1st period - Joe Labate is hit by Mikhail Sergachev and loses puck.
13:54 of 1st period - Wrist shot by Casey Mittelstadt.
13:54 of 1st period - Stopped by Pavel Francouz with a rebound.
13:55 of 1st period - Penalty to Connor Chatam is over, Connor Chatam is back on ice.
13:56 of 1st period - Slapshot by Joshua Jacobs.
13:56 of 1st period - Shot Blocked by Gabriel Carlsson.
13:58 of 1st period - Wrist shot by Connor Chatam.
13:58 of 1st period - Shot Misses the Net.
14:00 of 1st period - Backhand shot by Connor Chatam.
14:00 of 1st period - Stopped by Pavel Francouz with a rebound.
14:02 of 1st period - Snap shot by Casey Mittelstadt.
14:02 of 1st period - Shot Misses the Net.
14:04 of 1st period - Wrist shot by Samuel Blais.
14:04 of 1st period - Shot Misses the Net.
14:06 of 1st period - Snap shot by Casey Mittelstadt.
14:06 of 1st period - Stopped by Pavel Francouz without a rebound.
14:07 of 1st period - Alexander Barabanov wins face-off versus Pavel Kraskovsky in Sound Tigers zone.
14:18 of 1st period - Snap shot by Slater Koekkoek.
14:18 of 1st period - Shot Blocked by Colton White.
14:20 of 1st period - Wrist shot by Ben Thomson.
14:20 of 1st period - Shot Hit the Post.
14:54 of 1st period - Wrist shot by Nolan Patrick.
14:54 of 1st period - Stopped by Pavel Francouz with a rebound.
15:28 of 1st period - Linus Sandin is hit by James Livingstone.
15:38 of 1st period - Wrist shot by Alexander Barabanov.
15:38 of 1st period - Stopped by Pavel Francouz with a rebound.
15:48 of 1st period - Slapshot by Borna Rendulic.
15:48 of 1st period - Shot Blocked by Mikhail Sergachev.
16:04 of 1st period - Icing by Alex Tuch.
16:05 of 1st period - Ryan Hartman wins face-off versus Nolan Patrick in Sound Tigers zone.
16:10 of 1st period - Slapshot by Nolan Patrick.
16:10 of 1st period - Shot Misses the Net.
16:12 of 1st period - Slapshot by Derrick Pouliot.
16:12 of 1st period - Shot Blocked by Ben Thomson.
16:14 of 1st period - Wrist shot by Dryden Hunt.
16:14 of 1st period - Deflect By Nolan Patrick.
16:14 of 1st period - Goal by Nolan Patrick - Sound Tigers : 1 - Wolfpack : 1.
16:15 of 1st period - Ryan Hartman wins face-off versus Seth Griffith in neutral zone.
16:31 of 1st period - Snap shot by Ryan Hartman.
16:31 of 1st period - Shot Hit the Post.
17:02 of 1st period - Wrist shot by Pavel Kraskovsky.
17:02 of 1st period - Shot Blocked by Mikhail Sergachev.
17:04 of 1st period - Slapshot by Gabriel Carlsson.
17:04 of 1st period - Deflect By Ben Thomson.
17:04 of 1st period - Stopped by Ivan Fedotov with a rebound.
17:06 of 1st period - Snap shot by Ross Colton.
17:06 of 1st period - Shot Blocked by Mikhail Sergachev.
17:55 of 1st period - Snap shot by Alex Tuch.
17:55 of 1st period - Stopped by Ivan Fedotov with a rebound.
18:01 of 1st period - Slapshot by Vince Dunn.
18:01 of 1st period - Shot Misses the Net.
18:06 of 1st period - Icing by James Livingstone.
18:07 of 1st period - Joe Labate wins face-off versus Casey Mittelstadt in Sound Tigers zone.
18:07 of 1st period - Joe Labate is hit by Connor Chatam.
18:35 of 1st period - Wrist shot by Ryan Hartman.
18:35 of 1st period - Shot Misses the Net.
18:40 of 1st period - Off-side.
18:41 of 1st period - Nolan Patrick wins face-off versus Ryan Hartman in neutral zone.
18:54 of 1st period - Snap shot by Alex Tuch.
18:54 of 1st period - Shot Misses the Net.
18:56 of 1st period - Slapshot by Gabriel Carlsson.
18:56 of 1st period - Stopped by Ivan Fedotov with a rebound.
19:10 of 1st period - Snap shot by Pavel Kraskovsky.
19:10 of 1st period - Stopped by Ivan Fedotov without a rebound.
19:11 of 1st period - Seth Griffith wins face-off versus Pavel Kraskovsky in Wolfpack zone.
19:40 of 1st period - Wrist shot by Ryan Hartman.
19:40 of 1st period - Deflect By Borna Rendulic.
19:40 of 1st period - Stopped by Ivan Fedotov without a rebound.
19:41 of 1st period - Seth Griffith wins face-off versus Ryan Hartman in Wolfpack zone.
19:45 of 1st period - Off-side.
19:46 of 1st period - Ryan Hartman wins face-off versus David Pope in neutral zone.
19:55 of 1st period - Slapshot by Sebastian Collberg.
19:55 of 1st period - Stopped by Pavel Francouz with a rebound.
19:57 of 1st period - Snap shot by Seth Griffith.
19:57 of 1st period - Stopped by Pavel Francouz with a rebound.
Goals for this period are 1 for Sound Tigers vs 1 for Wolfpack.
Shots for this period are 15 for Sound Tigers vs 13 for Wolfpack.
2nd period
0:01 of 2nd period - Seth Griffith wins face-off versus Ryan Hartman in neutral zone.
0:12 of 2nd period - Snap shot by David Pope.
0:12 of 2nd period - Shot Misses the Net.
0:32 of 2nd period - Derrick Pouliot is hit by James Livingstone and loses puck.
0:45 of 2nd period - Slapshot by Dryden Hunt.
0:45 of 2nd period - Stopped by Pavel Francouz without a rebound.
0:46 of 2nd period - Nolan Patrick wins face-off versus Pavel Kraskovsky in Sound Tigers zone.
1:54 of 2nd period - Garret Ross is hit by Joshua Jacobs and loses puck.
2:01 of 2nd period - Wrist shot by Alexander Barabanov.
2:01 of 2nd period - Deflect By Linus Sandin.
2:01 of 2nd period - Shot Blocked by Nick Blankenburg.
2:01 of 2nd period - Puck is out of play.
2:02 of 2nd period - Seth Griffith wins face-off versus Ryan Hartman in Sound Tigers zone.
2:17 of 2nd period - Slapshot by Derrick Pouliot.
2:17 of 2nd period - Stopped by Pavel Francouz with a rebound.
2:48 of 2nd period - Snap shot by Ben Thomson.
2:48 of 2nd period - Shot Misses the Net.
3:50 of 2nd period - Wrist shot by Samuel Blais.
3:50 of 2nd period - Shot Misses the Net.
4:00 of 2nd period - Wrist shot by Joe Labate.
4:00 of 2nd period - Stopped by Ivan Fedotov with a rebound.
5:44 of 2nd period - Borna Rendulic is hit by Dryden Hunt and loses puck.
5:58 of 2nd period - Alex Tuch is hit by Nolan Patrick and loses puck.
6:36 of 2nd period - Snap shot by Alexander Barabanov.
6:36 of 2nd period - Shot Hit the Post.
6:53 of 2nd period - Rhett Gardner is hit by Jake Marchment and loses puck.
7:04 of 2nd period - Snap shot by Linus Sandin.
7:04 of 2nd period - Deflect By Alexander Barabanov.
7:04 of 2nd period - Deflect By Rhett Gardner.
7:04 of 2nd period - Goal by Alexander Barabanov - Sound Tigers : 1 - Wolfpack : 2.
7:05 of 2nd period - Joe Labate wins face-off versus Seth Griffith in neutral zone.
7:10 of 2nd period - Slapshot by James Livingstone.
7:10 of 2nd period - Stopped by Ivan Fedotov without a rebound.
7:11 of 2nd period - Joe Labate wins face-off versus Seth Griffith in Wolfpack zone.
7:42 of 2nd period - Snap shot by Samuel Blais.
7:42 of 2nd period - Shot Misses the Net.
8:20 of 2nd period - Slapshot by Alexander Barabanov.
8:20 of 2nd period - Shot Blocked by Josh Archibald.
8:42 of 2nd period - Wrist shot by Garret Ross.
8:42 of 2nd period - Shot Misses the Net.
9:25 of 2nd period - Slapshot by Vince Dunn.
9:25 of 2nd period - Stopped by Pavel Francouz without a rebound.
9:26 of 2nd period - Ben Thomson wins face-off versus Seth Griffith in Sound Tigers zone.
10:05 of 2nd period - Minor Penalty to Owen Tippet for Slashing.
10:06 of 2nd period - Seth Griffith wins face-off versus Ryan Hartman in Wolfpack zone.
10:06 of 2nd period - Seth Griffith is hit by Borna Rendulic.
10:21 of 2nd period - Wrist shot by Steven Santini.
10:21 of 2nd period - Stopped by Pavel Francouz with a rebound.
11:56 of 2nd period - Slapshot by Mikhail Sergachev.
11:56 of 2nd period - Stopped by Pavel Francouz with a rebound.
12:05 of 2nd period - Penalty to Owen Tippet is over, Owen Tippet is back on ice.
12:10 of 2nd period - Snap shot by Owen Tippet.
12:10 of 2nd period - Shot Misses the Net.
12:17 of 2nd period - Off-side.
12:18 of 2nd period - Dryden Hunt wins face-off versus Pavel Kraskovsky in neutral zone.
12:21 of 2nd period - Snap shot by Dryden Hunt.
12:21 of 2nd period - Stopped by Pavel Francouz without a rebound.
12:22 of 2nd period - Nolan Patrick wins face-off versus Pavel Kraskovsky in Sound Tigers zone.
12:25 of 2nd period - Slapshot by Dryden Hunt.
12:25 of 2nd period - Stopped by Pavel Francouz with a rebound.
12:27 of 2nd period - Wrist shot by Nolan Patrick.
12:27 of 2nd period - Shot Blocked by Nick Blankenburg.
12:29 of 2nd period - Slapshot by Joshua Jacobs.
12:29 of 2nd period - Deflect By Nolan Patrick.
12:29 of 2nd period - Stopped by Pavel Francouz without a rebound.
12:30 of 2nd period - Seth Griffith wins face-off versus Pavel Kraskovsky in Sound Tigers zone.
12:33 of 2nd period - Wrist shot by David Pope.
12:33 of 2nd period - Shot Misses the Net.
12:35 of 2nd period - Snap shot by Seth Griffith.
12:35 of 2nd period - Stopped by Pavel Francouz without a rebound.
12:36 of 2nd period - Ryan Hartman wins face-off versus Seth Griffith in Sound Tigers zone.
12:41 of 2nd period - Slapshot by Greg Pateryn.
12:41 of 2nd period - Shot Blocked by Derrick Pouliot.
12:45 of 2nd period - Slapshot by Ryan Hartman.
12:45 of 2nd period - Goal by Ryan Hartman - Sound Tigers : 2 - Wolfpack : 2.
12:46 of 2nd period - Seth Griffith wins face-off versus Ryan Hartman in neutral zone.
13:02 of 2nd period - Wrist shot by Seth Griffith.
13:02 of 2nd period - Shot Misses the Net.
13:37 of 2nd period - Wrist shot by Alex Tuch.
13:37 of 2nd period - Shot Misses the Net.
13:40 of 2nd period - Icing by Connor Chatam.
13:41 of 2nd period - Casey Mittelstadt wins face-off versus Joe Labate in Wolfpack zone.
13:54 of 2nd period - Slapshot by Samuel Blais.
13:54 of 2nd period - Deflect By Connor Chatam.
13:54 of 2nd period - Goal by Connor Chatam - Sound Tigers : 2 - Wolfpack : 3.
13:55 of 2nd period - Seth Griffith wins face-off versus Borna Rendulic in neutral zone.
14:20 of 2nd period - Greg Pateryn is hit by Casey Mittelstadt and loses puck.
14:29 of 2nd period - Wrist shot by Connor Chatam.
14:29 of 2nd period - Goal by Connor Chatam - Sound Tigers : 2 - Wolfpack : 4.
14:30 of 2nd period - Seth Griffith wins face-off versus Borna Rendulic in neutral zone.
14:33 of 2nd period - Snap shot by Seth Griffith.
14:33 of 2nd period - Stopped by Pavel Francouz with a rebound.
14:35 of 2nd period - Minor Penalty to Greg Pateryn for Roughing.
14:36 of 2nd period - Ryan Hartman wins face-off versus Seth Griffith in Sound Tigers zone.
14:45 of 2nd period - Snap shot by Derrick Pouliot.
14:45 of 2nd period - Stopped by Pavel Francouz with a rebound.
15:21 of 2nd period - Vince Dunn is hit by Joe Labate and loses puck.
15:26 of 2nd period - Wrist shot by Joe Labate.
15:26 of 2nd period - Stopped by Ivan Fedotov without a rebound.
15:27 of 2nd period - Joe Labate wins face-off versus Casey Mittelstadt in Wolfpack zone.
15:50 of 2nd period - Miro Heiskanen is hit by Sebastian Collberg and loses puck.
16:19 of 2nd period - Wrist shot by Garret Ross.
16:19 of 2nd period - Goal by Garret Ross - Sound Tigers : 3 - Wolfpack : 4.
16:20 of 2nd period - Ryan Hartman wins face-off versus Seth Griffith in neutral zone.
16:33 of 2nd period - Slapshot by Steven Santini.
16:33 of 2nd period - Stopped by Pavel Francouz without a rebound.
16:34 of 2nd period - Ryan Hartman wins face-off versus Casey Mittelstadt in Sound Tigers zone.
16:34 of 2nd period - Ryan Hartman is hit by Casey Mittelstadt.
16:35 of 2nd period - Penalty to Greg Pateryn is over, Greg Pateryn is back on ice.
17:32 of 2nd period - Snap shot by Samuel Blais.
17:32 of 2nd period - Goal by Samuel Blais - Sound Tigers : 3 - Wolfpack : 5.
17:33 of 2nd period - Seth Griffith wins face-off versus Garret Ross in neutral zone.
17:49 of 2nd period - Slapshot by Garret Ross.
17:49 of 2nd period - Stopped by Ivan Fedotov without a rebound.
17:50 of 2nd period - Nolan Patrick wins face-off versus Pavel Kraskovsky in Wolfpack zone.
17:59 of 2nd period - Snap shot by Dryden Hunt.
17:59 of 2nd period - Stopped by Pavel Francouz with a rebound.
18:01 of 2nd period - Slapshot by Derrick Pouliot.
18:01 of 2nd period - Shot Blocked by Ross Colton.
18:03 of 2nd period - Snap shot by Dryden Hunt.
18:03 of 2nd period - Stopped by Pavel Francouz without a rebound.
18:04 of 2nd period - Joe Labate wins face-off versus Sebastian Collberg in Sound Tigers zone.
18:06 of 2nd period - Minor Penalty to James Livingstone for Hooking.
18:07 of 2nd period - Ryan Hartman wins face-off versus Seth Griffith in Sound Tigers zone.
19:54 of 2nd period - Icing by Derrick Pouliot.
19:55 of 2nd period - Seth Griffith wins face-off versus Joe Labate in Wolfpack zone.
Goals for this period are 2 for Sound Tigers vs 4 for Wolfpack.
Shots for this period are 6 for Sound Tigers vs 18 for Wolfpack.
3rd period
0:01 of 3rd period - Ryan Hartman wins face-off versus Sebastian Collberg in neutral zone.
0:06 of 3rd period - Penalty to James Livingstone is over, James Livingstone is back on ice.
0:38 of 3rd period - Snap shot by Derrick Pouliot.
0:38 of 3rd period - Stopped by Pavel Francouz without a rebound.
0:39 of 3rd period - Nolan Patrick wins face-off versus Joe Labate in Sound Tigers zone.
0:56 of 3rd period - Icing by James Livingstone.
0:57 of 3rd period - Seth Griffith wins face-off versus Garret Ross in Sound Tigers zone.
1:33 of 3rd period - Wrist shot by Borna Rendulic.
1:33 of 3rd period - Deflect By Alex Tuch.
1:33 of 3rd period - Shot Misses the Net.
1:33 of 3rd period - Puck is out of play.
1:34 of 3rd period - Seth Griffith wins face-off versus Pavel Kraskovsky in Wolfpack zone.
1:49 of 3rd period - Wrist shot by David Pope.
1:49 of 3rd period - Stopped by Pavel Francouz with a rebound.
2:19 of 3rd period - Samuel Blais is hit by Borna Rendulic and loses puck.
2:24 of 3rd period - Snap shot by Ryan Hartman.
2:24 of 3rd period - Shot Misses the Net.
2:26 of 3rd period - Snap shot by Alex Tuch.
2:26 of 3rd period - Stopped by Ivan Fedotov with a rebound.
2:28 of 3rd period - Wrist shot by Borna Rendulic.
2:28 of 3rd period - Shot Misses the Net.
2:30 of 3rd period - Wrist shot by Borna Rendulic.
2:30 of 3rd period - Deflect By Alex Tuch.
2:30 of 3rd period - Shot Misses the Net.
2:30 of 3rd period - Puck is out of play.
2:31 of 3rd period - Sebastian Collberg wins face-off versus Joe Labate in Wolfpack zone.
2:31 of 3rd period - Sebastian Collberg is hit by Joe Labate.
2:37 of 3rd period - Derrick Pouliot is hit by James Livingstone and loses puck.
3:06 of 3rd period - Snap shot by Ben Thomson.
3:06 of 3rd period - Shot Misses the Net.
3:25 of 3rd period - Wrist shot by Rhett Gardner.
3:25 of 3rd period - Goal by Rhett Gardner - Sound Tigers : 4 - Wolfpack : 5.
3:26 of 3rd period - Ryan Hartman wins face-off versus Seth Griffith in neutral zone.
3:37 of 3rd period - Wrist shot by Alex Tuch.
3:37 of 3rd period - Stopped by Ivan Fedotov without a rebound.
3:38 of 3rd period - Ryan Hartman wins face-off versus Seth Griffith in Wolfpack zone.
3:45 of 3rd period - Slapshot by Alex Tuch.
3:45 of 3rd period - Stopped by Ivan Fedotov with a rebound.
3:47 of 3rd period - Minor Penalty to Seth Griffith for High sticking.
3:48 of 3rd period - Ryan Hartman wins face-off versus Connor Chatam in Wolfpack zone.
5:47 of 3rd period - Penalty to Seth Griffith is over, Seth Griffith is back on ice.
7:34 of 3rd period - Greg Pateryn is hit by Casey Mittelstadt and loses puck.
8:07 of 3rd period - Borna Rendulic is hit by Casey Mittelstadt and loses puck.
8:31 of 3rd period - Sebastian Collberg is hit by Slater Koekkoek and loses puck.
8:44 of 3rd period - Nick Blankenburg is hit by Jake Marchment.
9:18 of 3rd period - Icing by Ben Thomson.
9:19 of 3rd period - Seth Griffith wins face-off versus Pavel Kraskovsky in Sound Tigers zone.
9:22 of 3rd period - Backhand shot by David Pope.
9:22 of 3rd period - Stopped by Pavel Francouz with a rebound.
9:44 of 3rd period - Ross Colton is hit by David Pope and loses puck.
9:57 of 3rd period - Wrist shot by Ben Thomson.
9:57 of 3rd period - Shot Blocked by Vince Dunn.
9:59 of 3rd period - Slapshot by Ross Colton.
9:59 of 3rd period - Stopped by Ivan Fedotov without a rebound.
10:00 of 3rd period - Ryan Hartman wins face-off versus Casey Mittelstadt in Wolfpack zone.
10:38 of 3rd period - Greg Pateryn is hit by David Pope and loses puck.
11:06 of 3rd period - Seth Griffith is hit by Gabriel Carlsson and loses puck.
12:23 of 3rd period - Snap shot by Garret Ross.
12:23 of 3rd period - Stopped by Ivan Fedotov without a rebound.
12:24 of 3rd period - Samuel Blais wins face-off versus Ryan Hartman in Wolfpack zone.
12:29 of 3rd period - Borna Rendulic is hit by Connor Chatam and loses puck.
12:34 of 3rd period - Wrist shot by Samuel Blais.
12:34 of 3rd period - Stopped by Pavel Francouz with a rebound.
12:36 of 3rd period - Snap shot by Casey Mittelstadt.
12:36 of 3rd period - Shot Misses the Net.
12:38 of 3rd period - Snap shot by Derrick Pouliot.
12:38 of 3rd period - Stopped by Pavel Francouz with a rebound.
12:40 of 3rd period - Slapshot by Steven Santini.
12:40 of 3rd period - Shot Blocked by Slater Koekkoek.
13:09 of 3rd period - Wrist shot by Miro Heiskanen.
13:09 of 3rd period - Stopped by Ivan Fedotov with a rebound.
13:29 of 3rd period - Borna Rendulic is hit by Samuel Blais.
13:43 of 3rd period - Slater Koekkoek is hit by Dryden Hunt and loses puck.
14:00 of 3rd period - Josh Archibald is hit by Linus Sandin.
14:25 of 3rd period - Tyrell Goulbourne is hit by Linus Sandin.
14:43 of 3rd period - Miro Heiskanen is hit by Connor Chatam and loses puck.
16:12 of 3rd period - Josh Archibald is hit by Casey Mittelstadt and loses puck.
16:41 of 3rd period - Colton White is hit by Miro Heiskanen and loses puck.
17:22 of 3rd period - David Pope is hit by Alex Tuch and loses puck.
19:21 of 3rd period - Icing by Ryan Hartman.
19:22 of 3rd period - Ryan Hartman wins face-off versus Seth Griffith in Sound Tigers zone.
19:59 of 3rd period - Sound Tigers, Pavel Francouz is pulled from the net.
Goals for this period are 1 for Sound Tigers vs 0 for Wolfpack.
Shots for this period are 7 for Sound Tigers vs 5 for Wolfpack.